Map: Abyssal Reef LE

Players

SamuraiFunn

  • Race: Protoss Protoss
  • Spawn Location: 5:00

A.I. 1 (Elite) - Winner!

  • Race: Protoss Protoss
  • Spawn Location: 11:00

VOD

Have the link to the VOD?

Description

Time

  • Played on: Nov. 24, 2017, 2:42 p.m.
  • Length: 14:57
Show
View Real Time Build Order
Export as new Build Order

SamuraiFunn Protoss 

Build Orders: Dark Templar Rush 

Get SALT Encoding   

  12  0:03  Probe  
  13  0:15  Probe  
  13  0:21  Assimilator  
  14  0:27  Probe  
  15  0:33  Pylon  
  15  0:45  Assimilator  
  15  0:51  Probe  
  16  1:00  Gateway  
  16  1:03  Probe  
  17  1:11  Assimilator  
  17  1:16  Probe  
  18  1:28  Probe  
  19  1:38  Nexus  
  19  1:45  Probe  
  20  1:52  Cybernetics Core  
  20  2:02  Probe, Pylon  
  21  2:14  Probe  
  22  2:20  Zealot  
  24  2:32  Twilight Council  
  24  2:36  Probe  
  25  2:48  Probe, Sentry  
  28  2:55  Probe  
  29  3:00  Probe  
  29  3:01  Assimilator  
  29  3:04  Assimilator  
  30  3:07  Probe  
  30  3:12  Probe  
  32  3:18  Dark Shrine  
  32  3:19  Warp Gate (Chrono Boost)  
  32  3:21  Probe  
  32  3:24  Probe  
  34  3:28  Gateway  
  34  3:31  Gateway  
  34  3:41  Gateway  
  30  4:15  Probe x2  
  32  4:18  Pylon  
  31  4:30  Dark Templar x3  
  36  4:40  Probe x2  
  37  5:09  Dark Templar  
  36  5:20  Dark Templar  
  38  5:22  Nexus  
  38  5:30  Pylon  
  38  5:48  Dark Templar  
  40  6:00  Dark Templar  
  42  6:24  Probe  
  43  6:29  Dark Templar  
  45  6:36  Probe  
  46  6:47  Gateway  
  46  6:50  Probe x2  
  48  7:02  Probe  
  48  7:03  Probe  
  50  7:11  Pylon  
  50  7:25  Dark Templar  
  50  7:26  Dark Templar  
  54  7:38  Robotics Facility x2  
  54  7:41  Probe x2  
  56  7:45  Dark Templar  
  58  8:02  Dark Templar x3  
  64  8:08  Probe x2  
  66  8:20  Probe  
  66  8:21  Probe  
  66  8:26  Dark Templar  
  70  8:28  Nexus  
  70  8:30  Assimilator  
  70  8:35  Assimilator  
  70  8:37  Pylon x2  
  70  8:40  Pylon  
  70  8:48  Warp Prism  
  66  9:15  Warp Prism  
  68  9:19  Dark Templar x3  
  68  9:20  Dark Templar  
  68  9:23  Probe x2  
  78  9:35  Probe x2  
  76  9:47  Probe  
  61  10:53  Nexus  
  61  10:59  Dark Templar x2  
  61  11:00  Dark Templar x2  
  64  11:29  Pylon  
  64  11:32  Pylon  
  53  12:59  Nexus  
  53  13:00  Pylon  
  53  13:01  Pylon  
  53  13:02  Pylon  
  37  14:26  Probe  
  38  14:39  Probe  
Show
View Real Time Build Order
Export as new Build Order

A.I. 1 (Elite) Protoss - Winner!

Build Orders: Zealot Archon 

Get SALT Encoding   

  12  0:00  Probe  
  13  0:13  Probe  
  14  0:19  Pylon  
  14  0:25  Probe  
  15  0:37  Probe  
  15  0:40  Gateway  
  16  0:47  Assimilator  
  16  0:49  Probe  
  17  1:01  Probe, Pylon  
  18  1:13  Probe  
  19  1:25  Probe  
  19  1:27  Zealot  
  19  1:28  Cybernetics Core  
  22  1:38  Probe  
  23  1:41  Gateway  
  23  1:50  Probe  
  23  1:52  Pylon  
  24  2:01  Zealot  
  24  2:02  Probe  
  27  2:08  Warp Gate  
  27  2:14  Probe  
  28  2:20  Gateway  
  28  2:28  Adept  
  30  2:31  Adept  
  32  2:39  Probe  
  32  2:40  Pylon  
  33  2:51  Probe  
  33  2:55  Adept  
  33  2:58  Adept  
  38  3:07  Adept  
  38  3:08  Probe  
  38  3:10  Pylon  
  41  3:13  Assimilator  
  41  3:23  Adept  
  41  3:25  Adept  
  45  3:34  Adept  
  47  3:41  Twilight Council  
  47  3:50  Stalker  
  48  4:08  Pylon  
  48  4:23  Templar Archives  
  48  4:56  Nexus  
  48  4:59  High Templar  
  50  5:12  High Templar  
  52  5:22  Stalker  
  52  5:32  Zealot  
  52  5:42  Robotics Facility  
  52  5:45  Zealot  
  50  6:03  Stalker  
  50  6:04  Zealot  
  54  6:08  Probe  
  54  6:09  Probe  
  54  6:13  Zealot  
  54  6:15  Assimilator  
  54  6:17  Assimilator  
  48  6:21  Probe  
  48  6:22  Nexus  
  48  6:24  Zealot  
  51  6:26  Stalker  
  51  6:29  Probe  
  51  6:30  Observer  
  55  6:33  Probe  
  56  6:41  Probe, High Templar  
  56  6:45  Probe  
  60  6:51  Archon  
  60  6:53  Probe  
  61  6:57  Probe  
  61  6:58  High Templar  
  64  7:05  Probe  
  65  7:09  Probe  
  65  7:11  High Templar  
  68  7:17  Probe  
  68  7:20  Sentry  
  68  7:21  Probe  
  72  7:24  Pylon  
  72  7:28  Archon  
  72  7:29  Probe  
  73  7:31  Stalker  
  73  7:33  Probe  
  73  7:34  Probe  
  77  7:41  Probe  
  77  7:43  High Templar  
  80  7:45  Probe  
  80  7:46  Assimilator  
  80  7:47  Probe  
  82  7:53  Probe  
  82  7:54  High Templar  
  82  7:56  Assimilator  
  82  7:57  Probe  
  86  7:58  Stalker  
  86  7:59  Probe  
  89  8:05  Probe  
  89  8:09  Probe, Pylon  
  89  8:11  Probe  
  92  8:13  Archon  
  92  8:16  High Templar  
  92  8:17  Probe  
  95  8:22  Zealot  
  95  8:26  High Templar  
  98  8:27  Probe  
  98  8:30  Probe  
  98  8:31  Probe, Pylon  
  101  8:42  Sentry  
  101  8:45  Psionic Storm  
  101  8:48  Zealot  
  105  8:49  Probe  
  105  8:51  Archon  
  105  8:52  Probe  
  105  8:54  Probe, Pylon  
  107  8:59  Stalker  
  109  9:05  High Templar  
  109  9:08  Zealot  
  113  9:12  Probe x2  
  113  9:17  Pylon  
  115  9:21  Forge  
  115  9:22  Zealot  
  117  9:28  Stalker  
  117  9:30  Pylon  
  119  9:32  Pylon  
  119  9:35  Probe  
  119  9:36  Probe  
  119  9:37  High Templar  
  119  9:38  Probe  
  124  9:42  Zealot  
  126  9:47  Probe  
  126  9:48  Probe, Immortal  
  126  9:50  Probe  
  126  9:51  Zealot  
  135  9:54  Pylon  
  135  9:59  Probe  
  136  10:00  Probe, Forge  
  136  10:02  Probe, Stalker  
  140  10:11  Probe  
  140  10:12  Probe  
  140  10:13  Stalker  
  144  10:14  Probe, Pylon  
  144  10:19  Zealot  
  142  10:23  Probe, Stalker  
  142  10:24  Probe  
  142  10:26  Probe, Stalker  
  121  10:35  Probe  
  121  10:37  Probe  
  121  10:38  Probe  
  113  10:48  Probe  
  113  10:49  Probe  
  105  10:50  Probe  
  105  10:52  Pylon  
  105  10:54  Pylon  
  101  11:00  Probe  
  94  11:12  Probe  
  79  11:52  Pylon  
  70  12:14  Nexus  
  63  12:25  Archon  
  59  14:26  Archon  
Tags
 
Composition
Zealot Archon
Matchup
PvP
Replay Pack
First 100 games
Spawn Locations
Cross Positions
Add a new tag
Caveats
  • Supply blocks, unpowered buildings, or Contaminate may cause inaccurate times.
  • Supply counts are checked every 10 seconds.